 Dungeon Crawl Stone Soup version 0.23-b1 (webtiles) character file.

Game seed: 5202711748049676925

3965 Gargoyl the Schismatic (level 10, 0/81 HPs)
             Began as a Centaur Abyssal Knight on Jan 30, 2019.
             Was an Elder of Lugonu.
             Slain by a yak (10 damage)
             ... on level 8 of the Dungeon.
             The game lasted 00:17:59 (8556 turns).

Gargoyl the Schismatic (Centaur Abyssal Knight)     Turns: 8556, Time: 00:18:00

Health: 0/81       AC: 18    Str: 20    XL:     10   Next: 2%
Magic:  23/23      EV:  7    Int: 11    God:    Lugonu [****..]
Gold:   414        SH:  0    Dex: 14    Spells: 9/9 levels left

rFire    + + +     SeeInvis .   a - +1 hand axe
rCold    . . .     Gourm    .   g - +5 shield "Dastredi" {*Corrode rElec rF++ MP+9}
rNeg     . . .     Faith    .   v - +2 ring mail {rF+}
rPois    .         Spirit   .   d - +2 helmet
rElec    +         Reflect  .   (no cloak)
rCorr    .         Harm     .   f - +0 pair of gloves
MR       .....                  s - +0 centaur barding
Stlth    ..........             (no amulet)
HPRegen  0.23/turn              q - +3 ring of dexterity
MPRegen  0.18/turn              j - +4 ring of strength

@: confused, very quick
A: large, hooves 3, deformed body, speed 2, tough skin 3
a: Depart the Abyss, Bend Space, Banish, Corrupt, Renounce Religion


You were on level 8 of the Dungeon.
You worshipped Lugonu.
Lugonu was greatly pleased with you.
You were hungry.

You visited 1 branch of the dungeon, and saw 8 of its levels.
You visited the Abyss 1 time.

You collected 414 gold pieces.

Inventory:

Hand Weapons
 a - a +1 hand axe (weapon)
 r - a +1 war axe of distortion
Armour
 d - a +2 helmet (worn)
 f - a +0 pair of gloves (worn)
 g - the +5 shield "Dastredi" (worn) {*Corrode rElec rF++ MP+9}
   (You found it on level 4 of the Dungeon)

   It greatly protects you from fire.
   It insulates you from electricity.
   It affects your magic capacity (+9).
   It may corrode you when you take damage.
 s - a +0 centaur barding (worn)
 v - a +2 ring mail of fire resistance (worn)
Jewellery
 e - an uncursed ring of flight
 j - a +4 ring of strength (right hand)
 q - a +3 ring of dexterity (left hand)
 w - an uncursed ring of protection from cold
Wands
 k - a wand of enslavement (3)
 m - a wand of flame (26)
Scrolls
 b - a scroll of identify
 l - a scroll of teleportation
 n - a scroll of fear
 u - a scroll of magic mapping
 y - a scroll of holy word {unknown}
Potions
 h - a potion of magic
 i - 2 potions of lignification
 o - 2 potions of heal wounds {unknown}
 p - a potion of berserk rage {unknown}
 t - 2 potions of resistance
 z - a potion of might
Comestibles
 c - 8 rations
 A - a chunk of flesh


   Skills:
 + Level 5.1 Fighting
 + Level 6.1 Axes
 * Level 5.4 Armour
 * Level 4.7 Dodging
 + Level 3.8 Shields
 * Level 6.5 Invocations
 + Level 0.5 Evocations


You had 9 spell levels left.
You didn't know any spells.
Your spell library contained the following spells:

 Spells                   Type           Power        Failure   Level  Hunger
 Confusing Touch          Hex            #.....       87%         1    ##.....
 Confuse                  Hex            #.......     99%         3    ####...
 Gell's Gravitas          Tloc           #.........   99%         3    ####...
 Petrify                  Tmut/Erth      #.......     100%        4    #####..
 Metabolic Englaciation   Hex/Ice        #.........   100%        5    ######.
 Yara's Violent Unravell  Hex/Tmut       #.........   100%        5    ######.


Dungeon Overview and Level Annotations

Branches:
Dungeon (8/15)             Temple (0/1) D:4
   Lair: D:8-11

Altars:
Elyvilon
Gozag
Qazlal
Ru

Annotations:
D:6 3 runed translucent doors, Jakon's ghost, novice MiFi


Innate Abilities, Weirdness & Mutations

You have hooves in place of feet.
Armour fits poorly on your strangely shaped body.
You cover ground very quickly.
You have extremely tough skin. (AC +3)


Message History

* * * LOW HITPOINT WARNING * * *
Unknown command.
You hit the yak but do no damage. You kick the yak.
The yak is heavily wounded.
The yak gores you but does no damage.
Unknown command.
You completely miss the yak.
The yak is heavily wounded.
The yak gores you!
* * * LOW HITPOINT WARNING * * *
You hit the yak but do no damage.
The yak is heavily wounded.
The yak gores you!
* * * LOW HITPOINT WARNING * * *
You completely miss the yak.
The yak is heavily wounded.
You block the yak's attack.
You are confused.
You feel invigorated. The yak gores you!
You die...

#.....##W#...#.........≈
#.....##.#...#..........
#......W.#...######+#...
#.....#####.## ...
####.## #.# .. #.# #.#
#.# #Y# #.# #Y#
#.######@# #........#
##########


You could see 2 yaks.

Vanquished Creatures
  A manticore (D:8)
  Grinder (D:5)
  2 hippogriffs (D:7)
  3 yaks (D:8)
  The ghost of drunkzilla the Grave Robber, an amateur VSNe (D:4)
  A hungry ghost (D:8)
  2 porcupines (D:8)
  2 ice beasts
  An orc warrior (D:5)
  3 sky beasts
  A centaur (D:8)
  A crocodile (D:8)
  A bullfrog (D:6)
  A scorpion (D:6)
  4 wights
  4 howler monkeys
  3 quasits (D:4)
  7 hounds
  A jelly (D:8)
  6 orc wizards
  3 orc priests
  3 iguanas
  5 worker ants
  A killer bee zombie (D:6)
  A hound skeleton (D:3)
  Robin (D:2)
  9 adders
  3 shadow imps
  3 oozes
  An adder zombie (D:6)
  An adder skeleton (D:7)
  3 worms
  3 dart slugs
  2 leopard geckos
  21 orcs
  6 bats
  5 giant cockroaches
  14 goblins
  11 hobgoblins
  4 jackals (D:4)
  9 kobolds
  2 quokkas
  A ball python (D:6)
  5 frilled lizards
  2 jackal zombies (D:5)
  2 quokka skeletons
  6 rats
173 creatures vanquished.

Vanquished Creatures (collateral kills)
  A phantom (D:8)
  A crimson imp (D:8)
2 creatures vanquished.

Vanquished Creatures (others)
  A water moccasin (D:8)
  A bush (D:8)
  4 fungi (D:8)
  25 plants
31 creatures vanquished.

Grand Total: 206 creatures vanquished

Notes
Turn   | Place    | Note
-------+----------+-------------------------------------------
     0 | Abyss:1  | Gargoyl the Centaur Abyssal Knight began the quest for the
                  | Orb.
     0 | Abyss:1  | Reached XP level 1. HP: 19/19 MP: 2/2
    78 | Abyss:1  | Noticed a small abomination
    79 | Abyss:1  | Noticed a small abomination
   170 | Abyss:2  | Found a corrupted altar of Lugonu.
   201 | Abyss:3  | Noticed a tentacled monstrosity
   201 | Abyss:3  | Noticed a large abomination
   226 | Abyss:5  | Entered Level 5 of the Abyss
   236 | Abyss:5  | Noticed a green death
   293 | Abyss:5  | Noticed a small abomination
   295 | Abyss:5  | Noticed a spatial maelstrom
   295 | Abyss:5  | Noticed a spatial vortex
   296 | Abyss:5  | Noticed a spatial vortex
   297 | Abyss:5  | Noticed a spatial vortex
   298 | D:1      | Escaped the Abyss
   525 | D:1      | Reached * piety under Lugonu
   525 | D:1      | Reached XP level 2. HP: 17/26 MP: 3/3
   712 | D:1      | Reached skill level 1 in Dodging
  1139 | D:1      | Reached XP level 3. HP: 29/31 MP: 4/4
  1525 | D:2      | Noticed Robin
  1540 | D:2      | Killed Robin
  1546 | D:2      | Reached XP level 4. HP: 23/38 MP: 5/5
  1918 | D:2      | Found a stormy altar of Qazlal.
  2276 | D:3      | Reached ** piety under Lugonu
  2643 | D:4      | Reached XP level 5. HP: 26/45 MP: 7/7
  3436 | D:3      | Reached XP level 6. HP: 27/52 MP: 8/8
  3729 | D:4      | Found a transporter.
  3736 | D:4      | Found a transporter.
  3742 | D:4      | Noticed drunkzilla's ghost (amateur VSNe)
  4093 | D:4      | Reached *** piety under Lugonu
  4134 | D:4      | Got a scorched shield
  4145 | D:4      | Identified the +5 shield "Dastredi" {*Corrode rElec rF++
                  | MP+9} (You found it on level 4 of the Dungeon)
  4266 | D:4      | Found a white marble altar of Elyvilon.
  4533 | D:4      | Found a staircase to the Ecumenical Temple.
  4883 | D:5      | Entered Level 5 of the Dungeon
  5046 | D:5      | Noticed an ice beast
  5058 | D:5      | Reached XP level 7. HP: 58/58 MP: 9/9
  5069 | D:5      | Reached skill level 1 in Shields
  5408 | D:4      | Killed drunkzilla's ghost
  5442 | D:5      | Found a white marble altar of Elyvilon.
  5594 | D:5      | Got an emerald-encrusted leather armour
  5605 | D:5      | Identified the cursed +0 leather armour of Nexeykoq {rC+++
                  | rN++ MR-} (You found it on level 5 of the Dungeon)
  5733 | D:5      | Noticed Grinder
  5734 | D:5      | Paralysed by Grinder for 5 turns
  5751 | D:5      | Paralysed by Grinder for 3 turns
  5755 | D:5      | Killed Grinder
  5755 | D:5      | Reached XP level 8. HP: 33/66 MP: 11/11
  6071 | D:6      | Found an opulent altar of Gozag.
  6130 | D:6      | Reached **** piety under Lugonu
  6403 | D:6      | Reached skill level 5 in Invocations
  6600 | D:6      | Found a runed translucent gate.
  6601 | D:6      | Found a runed translucent gate.
  6601 | D:6      | Found a runed translucent gate.
  6601 | D:6      | Noticed Jakon's ghost (novice MiFi)
  6673 | D:6      | Reached skill level 5 in Axes
  7291 | D:6      | Found a sacrificial altar of Ru.
  7559 | D:7      | Noticed a hippogriff
  7574 | D:7      | Killed a hippogriff
  7574 | D:7      | Reached XP level 9. HP: 40/72 MP: 13/13
  7776 | D:8      | Noticed a manticore
  7841 | D:8      | Killed a manticore
  7841 | D:8      | Reached skill level 5 in Armour
  8491 | D:8      | Reached skill level 5 in Fighting
  8544 | D:8      | Reached XP level 10. HP: 33/81 MP: 14/14
  8552 | D:8      | HP: 4/81 [yak (10)]
  8556 | D:8      | Slain by a yak

Skill      XL: |  1  2  3  4  5  6  7  8  9 |
---------------+----------------------------+-----
Dodging        | 1 2 3 4 |  4.7
Axes           | 2 3 4 5 6 |  6.1
Armour         | 2 3 4 5 |  5.4
Invocations    | 3 4 5 6 |  6.5
Shields        | 2 3 |  3.8
Fighting       | 4 5 |  5.1
Evocations     | |  0.5

Action                   |  1- 3 |  4- 6 |  7- 9 | 10-12 || total
-------------------------+-------+-------+-------+-------++-------
Melee: Hand axe          |   106 |   252 |   385 |     9 ||   752
       Kick              |    15 |    54 |   121 |     1 ||   191
Invok: Depart the Abyss  |     1 |       |       |       ||     1
       Bend Space        |       |       |     2 |       ||     2
Evoke: Wand              |       |       |     5 |       ||     5
  Use: Potion            |     1 |     2 |     3 |     1 ||     7
       Scroll            |     4 |     6 |     7 |       ||    17
  Eat: Chunk             |       |    10 |     4 |       ||    14
       Ration            |       |       |     3 |       ||     3
Armor: Chain mail        |   100 |   259 |       |       ||   359
       Ring mail         |       |     7 |   216 |     1 ||   224
       Skin              |       |       |    11 |       ||    11
Dodge: Dodged            |    29 |    82 |   101 |     1 ||   213
Block: Buckler           |     7 |    34 |       |       ||    41
       Shield            |       |    34 |   298 |     4 ||   336
